 Dungeon Crawl Stone Soup version 0.28.0-53-g5a82cb258f (webtiles) character file.

Game seed: 12604492051818402507

438 quixfox the Chopper (level 7, -1/61 HPs)
             Began as a Hill Orc Fighter on July 10, 2022.
             Slain by a wyvern (11 damage)
             ... on level 3 of the Dungeon.
             The game lasted 00:05:08 (3104 turns).

quixfox the Chopper (Hill Orc Fighter)              Turns: 3104, Time: 00:05:09

Health: -1/61      AC: 10    Str: 21    XL:     7   Next: 1%
Magic:  7/7        EV: 13    Int:  8    God:
Gold:   133        SH:  4    Dex: 10    Spells: 6/6 levels left

rFire   . . .      SeeInvis .   a - +0 war axe
rCold   . . .      Faith    .   c - +0 buckler
rNeg    . . .      Spirit   .   b - +0 scale mail
rPois   .          Reflect  .   q - +2 helmet
rElec   .          Harm     .   (no cloak)
rCorr   .          Rampage  .   (no gloves)
Will    .....                   (no boots)
Stlth   ..........              (no amulet)
HPRegen 0.20/turn               h - +4 ring of evasion
MPRegen 0.10/turn               (no ring)

@: no status effects
A: no striking features
a: no special abilities


You were on level 3 of the Dungeon.
You visited 1 branch of the dungeon, and saw 4 of its levels.

You collected 133 gold pieces.

Inventory:

Hand Weapons
 a - a +0 war axe (weapon)
Armour
 b - a +0 scale mail (worn)
 c - a +0 buckler (worn)
 q - a +2 helmet (worn)
Jewellery
 h - a +4 ring of evasion (left hand)
Wands
 r - a wand of digging (8)
Scrolls
 e - a scroll of magic mapping {unknown}
 f - a scroll of amnesia
 i - a scroll of teleportation
 k - a scroll of blinking {unknown}
 l - a scroll of fog {unknown}
 m - a scroll of enchant weapon {unknown}
 n - a scroll of silence {unknown}
 p - a scroll of summoning {unknown}
Potions
 j - a potion of ambrosia
 o - a potion of invisibility
 s - a potion of curing


   Skills:
 + Level 5.5 Fighting
 * Level 7.0 Axes
 + Level 5.0 Armour
 - Level 3.2 Shields


You had 6 spell levels left.
You didn't know any spells.
Your spell library was empty.

Dungeon Overview and Level Annotations

Branches:
Dungeon (4/15)
 Temple: D:4-7

Altars:

Shops:
D:2 (


Message History

You hear a loud clanging noise!
It was a scroll of noise.
You hear a shout! x7; You hear an angry hiss.
You hear an angry growl. x2
You hear a shout!
You climb upwards.
There is a stone staircase leading down here.
You start resting.
HP restored.
There is a stone staircase leading down here.
You climb downwards.
The wyvern hisses angrily.
The wyvern bites you! The wyvern bites you.
A hobgoblin comes into view.
There is a stone staircase leading up here.
The hobgoblin shouts!
The wyvern hisses menacingly.
The wyvern bites you. You block the wyvern's attack.
You climb upwards.
There is a stone staircase leading down here.
Okay, then.
You slash the wyvern!
The wyvern is moderately wounded.
The wyvern closely misses you. The wyvern bites you!
You barely miss the wyvern.
The wyvern is moderately wounded.
The wyvern misses you.
You completely miss the wyvern.
The wyvern is moderately wounded.
The wyvern bites you. You block the wyvern's attack.
You closely miss the wyvern.
The wyvern is moderately wounded.
The wyvern bites you!
* * * LOW HITPOINT WARNING * * *
The wyvern completely misses you.
You slash the wyvern!
The wyvern is severely wounded.
The wyvern bites you!
* * * LOW HITPOINT WARNING * * *
The wyvern bites you!
You die...

...####.≈..#####
#############
.......≈≈......#
#...........#
.#.####.PP####.#
#.#########.#
.#.###..≈≈## #.# #.#
#.# .#.##...≈♣.###.##
#.# #.#
................#####.#
#.#
.#.#<.###.###.......#.#
#.# .#.#..#
#.####......#.# ##.#
.#.#..# #.......@.....#
##..# .#.#..#
#####..l....### #.≈≈P
.#.#..# #.......# #≈P≈P
......# ###.#.### #..≈≈
...##.## ###.#[# #.#.#
#####..#
#...#.###########...#
##.#
#.#.#.............(.#
#.#
#.#.##############).#
#.# #.#.# #..#


You could see a wyvern.

Vanquished Creatures
  Grinder (D:3)
  A hound (D:4)
  Jessica (D:3)
  An orc wizard (D:3)
  3 adders
  4 gnolls (D:3)
  2 dart slugs (D:3)
  5 orcs (D:3)
  6 bats
  6 endoplasms
  4 giant cockroaches
  3 goblins
  6 hobgoblins
  4 jackals (D:1)
  9 kobolds
  5 quokkas
  2 ball pythons (D:3)
  4 frilled lizards
  5 rats
72 creatures vanquished.

Vanquished Creatures (others)
  33 plants (D:3)
33 creatures vanquished.

Grand Total: 105 creatures vanquished

Notes
Turn   | Place    | Note
-------+----------+-------------------------------------------
     0 | D:1      | quixfox the Hill Orc Fighter began the quest for the Orb.
     0 | D:1      | Reached XP level 1. HP: 19/19 MP: 1/1
    76 | D:1      | Reached skill level 3 in Axes
   137 | D:1      | Reached XP level 2. HP: 25/27 MP: 2/2
   791 | D:2      | Reached XP level 3. HP: 33/33 MP: 3/3
  1210 | D:2      | Reached skill level 4 in Axes
  1243 | D:2      | Found Restaisch's Weapon Shop.
  1437 | D:2      | Reached XP level 4. HP: 40/40 MP: 4/4
  2025 | D:3      | Reached skill level 5 in Axes
  2223 | D:3      | Reached XP level 5. HP: 47/47 MP: 5/5
  2329 | D:3      | Noticed Grinder
  2346 | D:3      | Killed Grinder
  2347 | D:3      | Reached skill level 5 in Fighting
  2347 | D:3      | Reached skill level 6 in Axes
  2347 | D:3      | Reached XP level 6. HP: 47/56 MP: 6/6
  2563 | D:3      | Noticed Jessica
  2574 | D:3      | Killed Jessica
  3051 | D:4      | Reached skill level 7 in Axes
  3051 | D:4      | Reached skill level 5 in Armour
  3051 | D:4      | Reached XP level 7. HP: 52/61 MP: 7/7
  3097 | D:4      | Noticed a wyvern
  3104 | D:3      | Slain by a wyvern

Illustrated notes

Levels and vault maps discovered:
D:1:      grunt_arrival_lava_bath, layout_rooms, roderic_lattice_a
D:2:      layout_basic, serial_shops, nicolae_shop_bloodbath_and_beyond
D:3:      layout_loops_ring, serial_bayou, serial_bayou_pond_e,
          serial_bayou_shore_a, serial_bayou_lagoon_a, serial_bayou_pond_e,
          minmay_pentangle, uniq_jessica, uniq_grinder
D:4:      layout_cave_pools, serial_shops, nicolae_shop_trees,
          grunt_ministairs_13, minmay_goblin_kobold_house

Skill      XL: |  1  2  3  4  5  6 |
---------------+-------------------+-----
Axes           | 3 4 5 6 7 |  7.0
Fighting       | 4 5 |  5.5
Armour         | 4 5 |  5.0
Shields        | |  3.2

Action                   |  1- 3 |  4- 6 |  7- 9 || total
-------------------------+-------+-------+-------++-------
Melee: War axe           |    91 |   129 |     5 ||   225
  Use: Scroll            |       |     4 |     2 ||     6
       Potion            |       |     1 |       ||     1
Armor: Scale mail        |    36 |    39 |       ||    75
Dodge: Dodged            |    59 |    80 |     3 ||   142
Block: Buckler           |    27 |    16 |     2 ||    45
